[Event "39th Olympiad Khanty-Mansiysk 2010"]
[Site "Khanty-Mansiysk/Russia"]
[Date "2010.09.21"]
[Round "1"]
[White "Rojas, Montserrat"]
[Black "Franciskovic, Borka"]
[Result "1/2-1/2"]
[WhiteElo "1609"]
[BlackElo "2282"]
[PlyCount "103"]
[EventDate "2010.??.??"]
[WhiteTeam "Paraguay"]
[BlackTeam "Croatia"]
[WhiteTeamCountry "PAR"]
[BlackTeamCountry "CRO"]
[TimeControl "40/5400+30:1800+30"]

1. c4 c5 2. Nf3 Nc6 3. g3 g6 4. d4 cxd4 5. Nxd4 Bg7 6. e3 Nxd4 7. exd4 Qb6 8.
Nc3 Qxd4 9. Qxd4 Bxd4 10. Nd5 Be5 11. f4 Bb8 12. b3 f6 13. Bb2 Kf7 14. Bg2 Bd6
15. O-O-O Rb8 16. a4 b6 17. Nc3 Bb7 18. Bxb7 Rxb7 19. Ne4 Bb8 20. Rhe1 Nh6 21.
Ng5+ Kf8 22. Rd2 Nf5 23. Nf3 Rg8 24. Nd4 Nxd4 25. Rxd4 Bd6 26. Rd3 Kf7 27. Bc3
Rc8 28. Kb2 a6 29. Rd5 h5 30. Red1 h4 31. Be1 hxg3 32. Bxg3 Rh8 33. R1d2 Rh5
34. Kc3 Rxd5 35. Rxd5 Rb8 36. b4 a5 37. bxa5 bxa5 38. c5 Rc8 39. Kd4 e5+ 40.
fxe5 Bxe5+ 41. Bxe5 fxe5+ 42. Rxe5 Rh8 43. Kc4 Rxh2 44. Kb5 Rh5 45. Re1 d6 46.
Kxa5 Rxc5+ 47. Kb6 Rc2 48. a5 Rb2+ 49. Kc6 Ra2 50. Kb6 Rb2+ 51. Kc6 Ra2 52. Kb6
1/2-1/2

[Event "39th Olympiad Khanty-Mansiysk 2010"]
[Site "Khanty-Mansiysk/Russia"]
[Date "2010.09.21"]
[Round "1"]
[White "Oh, Min Ah"]
[Black "Homiakova, Ekaterina"]
[Result "0-1"]
[WhiteElo "1517"]
[BlackElo "2134"]
[PlyCount "50"]
[EventDate "2010.??.??"]
[WhiteTeam "Korea"]
[BlackTeam "Belarus"]
[WhiteTeamCountry "KOR"]
[BlackTeamCountry "BLR"]
[TimeControl "40/5400+30:1800+30"]

1. e4 c5 2. Nf3 Nc6 3. d4 cxd4 4. Nxd4 g6 5. Nc3 Bg7 6. Be3 Nf6 7. Bc4 Qa5 8.
O-O O-O 9. a3 d6 10. h3 Bd7 11. Re1 Rfc8 12. b4 Qd8 13. Qd3 Ne5 14. Qe2 Nxc4
15. Bg5 h6 16. Bh4 Nh7 17. Red1 Nb2 18. Nd5 g5 19. Bxg5 hxg5 20. Rd2 Nc4 21.
Rd3 e6 22. Ne3 Nxe3 23. fxe3 e5 24. Nf5 Bxf5 25. exf5 e4 0-1

[Event "39th Olympiad Khanty-Mansiysk 2010"]
[Site "Khanty-Mansiysk/Russia"]
[Date "2010.09.21"]
[Round "1"]
[White "Abdulgader, Amira"]
[Black "Moncayo Romero, Evelyn"]
[Result "0-1"]
[WhiteElo "1509"]
[BlackElo "2127"]
[PlyCount "54"]
[EventDate "2010.??.??"]
[WhiteTeam "Libya"]
[BlackTeam "Ecuador"]
[WhiteTeamCountry "LBY"]
[BlackTeamCountry "ECU"]
[TimeControl "40/5400+30:1800+30"]

1. d4 d5 2. Nf3 Nf6 3. Bf4 e6 4. h3 Be7 5. e3 O-O 6. Bd3 c5 7. c3 Nc6 8. Nbd2
c4 9. Bc2 b5 10. e4 dxe4 11. Nxe4 Nd5 12. Bd2 f5 13. Ng3 Bd6 14. O-O Qc7 15.
Ne2 Bb7 16. b3 Nce7 17. bxc4 bxc4 18. Be3 Ng6 19. Re1 Nxe3 20. fxe3 Bxf3 21.
gxf3 Nh4 22. Rf1 Rf6 23. f4 Rg6+ 24. Kf2 Qb7 25. Ng1 Qb2 26. Rc1 Rg2+ 27. Ke1
Qxc3+ 0-1

[Event "39th Olympiad Khanty-Mansiysk 2010"]
[Site "Khanty-Mansiysk/Russia"]
[Date "2010.09.21"]
[Round "1"]
[White "Lin, Yu-Tong Elaine"]
[Black "Limontaite, Simona"]
[Result "0-1"]
[WhiteElo "1464"]
[BlackElo "2187"]
[PlyCount "94"]
[EventDate "2010.??.??"]
[WhiteTeam "TPE"]
[BlackTeam "Lithuania"]
[BlackTeamCountry "LTU"]
[TimeControl "40/5400+30:1800+30"]

1. e4 c5 2. Nf3 Nc6 3. d4 cxd4 4. Nxd4 Nf6 5. Nc3 e5 6. Ndb5 d6 7. Bg5 a6 8.
Na3 b5 9. Nd5 Be7 10. Nxe7 Nxe7 11. Qd3 Bb7 12. f3 d5 13. exd5 Nfxd5 14. Be2 f6
15. Bd2 O-O 16. g4 Ng6 17. Qb3 Kh8 18. O-O-O Qc7 19. Kb1 Ndf4 20. Qe3 Nh4 21.
Rhf1 Rfc8 22. Bd3 Nxd3 23. Qxd3 Nxf3 24. h3 Nxd2+ 25. Qxd2 Qc5 26. c3 a5 27.
Ka1 b4 28. Nb1 Be4 29. Rc1 Qa7 30. Rfd1 Rcb8 31. h4 Bf3 32. Rg1 Rd8 33. Qc2 Qd7
34. g5 f5 35. Rgf1 e4 36. Rfe1 Qd6 37. Qb3 Rab8 38. Qf7 Rf8 39. Qc4 Qf4 40.
cxb4 axb4 41. Qd4 Rfd8 42. Qc5 Bg4 43. Rc4 Qg3 44. Rh1 Qd6 45. Qf2 Ra8 46. Qc2
e3 47. Rc6 Qd5 0-1

[Event "39th Olympiad Khanty-Mansiysk 2010"]
[Site "Khanty-Mansiysk/Russia"]
[Date "2010.09.22"]
[Round "1"]
[White "Carlsen, Magnus"]
[Black "Galego, Luis"]
[Result "1-0"]
[WhiteElo "2826"]
[BlackElo "2500"]
[PlyCount "87"]
[EventDate "2010.??.??"]
[WhiteTeam "Norway"]
[BlackTeam "Portugal"]
[WhiteTeamCountry "NOR"]
[BlackTeamCountry "POR"]
[TimeControl "40/5400+30:1800+30"]

1. d4 Nf6 2. c4 e6 3. Nf3 Bb4+ 4. Bd2 Bxd2+ 5. Qxd2 d5 6. g3 O-O 7. Bg2 Nbd7 8.
Qc2 c6 9. Nbd2 Qe7 10. O-O e5 11. cxd5 Nxd5 12. e4 N5f6 13. Rfe1 exd4 14. e5
Nd5 15. Nxd4 N7b6 16. f4 Nb4 17. Qe4 Rd8 18. N2f3 Bg4 19. Rad1 Bxf3 20. Bxf3
Qc5 21. e6 fxe6 22. Kh1 Qd5 23. Qe3 Qxa2 24. Nxe6 Rxd1 25. Rxd1 Qxb2 26. Nd8
Qf6 27. Qe8+ Qf8 28. Qe6+ Kh8 29. Nf7+ Kg8 30. Rd8 Rxd8 31. Nxd8+ Kh8 32. Nf7+
Kg8 33. Ng5+ Kh8 34. Qe4 g6 35. Qd4+ Qg7 36. Qxb4 h6 37. Ne4 Nd5 38. Qa3 b5 39.
Qc5 b4 40. Qxc6 Qa1+ 41. Kg2 Ne3+ 42. Kf2 Qd4 43. Qe8+ Kg7 44. Qe7+ 1-0

[Event "39th Olympiad Khanty-Mansiysk 2010"]
[Site "Khanty-Mansiysk/Russia"]
[Date "2010.09.22"]
[Round "1"]
[White "Aronian, Levon"]
[Black "Zhao, Zong-Yuan"]
[Result "1-0"]
[WhiteElo "2783"]
[BlackElo "2583"]
[PlyCount "55"]
[EventDate "2010.??.??"]
[WhiteTeam "Armenia"]
[BlackTeam "Australia"]
[WhiteTeamCountry "ARM"]
[BlackTeamCountry "AUS"]
[TimeControl "40/5400+30:1800+30"]

1. Nf3 Nf6 2. c4 e6 3. g3 d5 4. Bg2 Be7 5. O-O O-O 6. d4 dxc4 7. Qc2 a6 8. a4
Bd7 9. Qxc4 Bc6 10. Bf4 a5 11. Nc3 Na6 12. Ne5 Bxg2 13. Kxg2 Nd5 14. Rad1 c6
15. Bc1 Nab4 16. e4 Nb6 17. Qe2 Nd7 18. Nf3 Re8 19. h4 Qb6 20. Ng5 h6 21. Rh1
Bf8 22. e5 f5 23. Qh5 Re7 24. Qg6 hxg5 25. hxg5 c5 26. Nb5 Qc6+ 27. f3 cxd4 28.
Qh7+ 1-0

[Event "39th Olympiad Khanty-Mansiysk 2010"]
[Site "Khanty-Mansiysk/Russia"]
[Date "2010.09.22"]
[Round "1"]
[White "Mamedyarov, Shakhriyar"]
[Black "Le, Quang Liem"]
[Result "1/2-1/2"]
[WhiteElo "2756"]
[BlackElo "2694"]
[PlyCount "113"]
[EventDate "2010.??.??"]
[WhiteTeam "Azerbaijan"]
[BlackTeam "Vietnam"]
[WhiteTeamCountry "AZE"]
[BlackTeamCountry "VIE"]
[TimeControl "40/5400+30:1800+30"]

1. d4 d5 2. c4 c6 3. Nc3 Nf6 4. Nf3 dxc4 5. a4 Bf5 6. e3 e6 7. Bxc4 Bb4 8. O-O
Nbd7 9. Nh4 Bg6 10. h3 Bh5 11. g4 Nd5 12. Ng2 Bg6 13. f4 N7f6 14. f5 exf5 15.
gxf5 Bh5 16. Qd3 Qa5 17. Na2 O-O-O 18. e4 Nb6 19. Nxb4 Qxb4 20. b3 Nxc4 21.
bxc4 Rhe8 22. Ba3 Qb6 23. c5 Qa5 24. Rae1 Qxa4 25. Bb2 Qb5 26. Qxb5 cxb5 27.
Nf4 g6 28. fxg6 fxg6 29. e5 Nd5 30. Nxd5 Rxd5 31. Rf7 a5 32. Ref1 Be2 33. R1f6
Rd7 34. Rxd7 Kxd7 35. d5 Bc4 36. Rd6+ Kc7 37. e6 Bxd5 38. Rxd5 Rxe6 39. Rd6
Rxd6 40. Be5 b4 41. cxd6+ Kd7 42. Kf2 a4 43. Ke3 a3 44. Kd3 b3 45. Kc3 b2 46.
Kc2 Ke6 47. Bc3 Kxd6 48. Bb4+ Ke5 49. Bxa3 Kf4 50. h4 Kg4 51. Be7 h6 52. Kxb2
g5 53. hxg5 hxg5 54. Kc3 Kf4 55. Bxg5+ Kxg5 56. Kc4 b5+ 57. Kb4 1/2-1/2

[Event "39th Olympiad Khanty-Mansiysk 2010"]
[Site "Khanty-Mansiysk/Russia"]
[Date "2010.09.22"]
[Round "1"]
[White "Svidler, Peter"]
[Black "Ivanisevic, Ivan"]
[Result "1/2-1/2"]
[WhiteElo "2731"]
[BlackElo "2613"]
[PlyCount "33"]
[EventDate "2010.??.??"]
[WhiteTeam "RU1"]
[BlackTeam "SRB"]
[TimeControl "40/5400+30:1800+30"]

1. e4 c5 2. Nf3 d6 3. d4 cxd4 4. Nxd4 Nf6 5. Nc3 a6 6. h3 e6 7. g4 Be7 8. Bg2
Nfd7 9. Be3 Nc6 10. Qd2 O-O 11. O-O Nde5 12. b3 Nxd4 13. Bxd4 b5 14. a4 bxa4
15. Nxa4 Bb7 16. Nb6 Rb8 17. Bxe5 1/2-1/2

[Event "39th Olympiad Khanty-Mansiysk 2010"]
[Site "Khanty-Mansiysk/Russia"]
[Date "2010.09.22"]
[Round "1"]
[White "Jakovenko, Dmitry"]
[Black "Zhigalko, Sergei"]
[Result "1/2-1/2"]
[WhiteElo "2726"]
[BlackElo "2640"]
[PlyCount "202"]
[EventDate "2010.??.??"]
[WhiteTeam "RU3"]
[BlackTeam "Belarus"]
[BlackTeamCountry "BLR"]
[TimeControl "40/5400+30:1800+30"]

1. e4 c5 2. Nf3 Nc6 3. Bb5 Nf6 4. Bxc6 dxc6 5. d3 Bg4 6. h3 Bh5 7. Nc3 e6 8.
Qe2 Qc7 9. g4 Bg6 10. Nh4 Bd6 11. Rf1 Nd7 12. f4 f6 13. Be3 O-O-O 14. O-O-O
Rhf8 15. Nxg6 hxg6 16. h4 Rh8 17. h5 e5 18. f5 g5 19. Nb1 Rhe8 20. Nd2 Bf8 21.
Nf3 Nb6 22. Kb1 Qe7 23. c3 Rd7 24. Bg1 Na8 25. Rfe1 Nc7 26. Qc2 Red8 27. Bh2
Qe8 28. Rd2 Nb5 29. Red1 Bd6 30. Qa4 Kb8 31. Qc4 b6 32. a4 Nc7 33. Re2 Kb7 34.
Rc1 Re7 35. Qb3 Na6 36. Nd2 Bc7 37. Re3 Red7 38. Qc2 b5 39. Nf3 Bb6 40. Bg1 c4
41. d4 exd4 42. Nxd4 Bxd4 43. cxd4 Rxd4 44. e5 fxe5 45. axb5 cxb5 46. Ra3 Nb4
47. Qg2+ Qc6 48. Qxc6+ Nxc6 49. Bxd4 exd4 50. f6 gxf6 51. Rf3 d3 52. Rxf6 b4
53. h6 c3 54. bxc3 d2 55. Rd1 bxc3 56. Rf7+ Ka8 57. Kc2 Rc8 58. Ra1 a5 59. Kxc3
d1=Q 60. Rxd1 Ne5+ 61. Kd4 Nxf7 62. Ra1 Rh8 63. Rxa5+ Kb7 64. Rf5 Rh7 65. Kd5
Kc7 66. Ke6 Nd8+ 67. Kf6 Rxh6+ 68. Kxg5 Ra6 69. Kf4 Kd7 70. Ke3 Ke7 71. g5 Ne6
72. g6 Ra4 73. g7 Nxg7 74. Rb5 Ne6 75. Rb8 Kd6 76. Kd3 Kd5 77. Ke2 Ke4 78. Re8
Ra2+ 79. Ke1 Kd5 80. Kd1 Nc5 81. Rd8+ Ke4 82. Re8+ Kd3 83. Rd8+ Ke3 84. Re8+
Ne4 85. Re7 Rd2+ 86. Kc1 Rh2 87. Kd1 Kd3 88. Rd7+ Kc4 89. Rc7+ Nc5 90. Rc8 Rg2
91. Ke1 Kd4 92. Rd8+ Ke3 93. Re8+ Ne4 94. Kd1 Rd2+ 95. Kc1 Rd7 96. Kc2 Rc7+ 97.
Kb3 Kd4 98. Rd8+ Ke5 99. Rh8 Kd5 100. Rh5+ Kd4 101. Rh4 Rb7+ 1/2-1/2

[Event "39th Olympiad Khanty-Mansiysk 2010"]
[Site "Khanty-Mansiysk/Russia"]
[Date "2010.09.22"]
[Round "1"]
[White "Wang, Hao"]
[Black "Fier, Alexandr"]
[Result "1-0"]
[WhiteElo "2724"]
[BlackElo "2588"]
[PlyCount "83"]
[EventDate "2010.??.??"]
[WhiteTeam "China"]
[BlackTeam "Brazil"]
[WhiteTeamCountry "CHN"]
[BlackTeamCountry "BRA"]
[TimeControl "40/5400+30:1800+30"]

1. d4 Nf6 2. c4 e6 3. Nf3 d5 4. Nc3 c6 5. Bg5 h6 6. Bxf6 Qxf6 7. e3 Nd7 8. Bd3
dxc4 9. Bxc4 g6 10. O-O Bg7 11. Re1 O-O 12. e4 e5 13. d5 Nb6 14. Bb3 Bg4 15.
Re3 c5 16. h3 Bxf3 17. Rxf3 Qd6 18. a4 c4 19. a5 cxb3 20. axb6 Qxb6 21. d6 Rfd8
22. d7 Qe6 23. Rd3 Bf8 24. Rc1 Bc5 25. Nd5 Qd6 26. Nf6+ Qxf6 27. Rxc5 Qe7 28.
Rcd5 Qb4 29. f3 b6 30. Rxe5 Rab8 31. Rd4 Qf8 32. Qxb3 Rb7 33. Qb5 Rbb8 34. g4
Kh7 35. Kg2 Qg7 36. Rd6 Rb7 37. Re7 Rc7 38. Qd5 Kg8 39. Rxf7 Rc2+ 40. Kg3 Qxf7
41. Rxg6+ Kf8 42. Qd6+ 1-0

[Event "39th Olympiad Khanty-Mansiysk 2010"]
[Site "Khanty-Mansiysk/Russia"]
[Date "2010.09.22"]
[Round "1"]
[White "Movsesian, Sergei"]
[Black "Rozentalis, Eduardas"]
[Result "1-0"]
[WhiteElo "2723"]
[BlackElo "2611"]
[PlyCount "99"]
[EventDate "2010.??.??"]
[WhiteTeam "Slovakia"]
[BlackTeam "Lithuania"]
[WhiteTeamCountry "SVK"]
[BlackTeamCountry "LTU"]
[TimeControl "40/5400+30:1800+30"]

1. e4 e5 2. Nf3 Nf6 3. Nxe5 d6 4. Nf3 Nxe4 5. d4 Be7 6. Bd3 Ng5 7. Bxg5 Bxg5 8.
Qe2+ Kf8 9. Nbd2 Nc6 10. c3 Bxd2+ 11. Nxd2 Qe7 12. Qe3 Bd7 13. O-O Qxe3 14.
fxe3 Re8 15. e4 Re7 16. a4 Ke8 17. Nc4 f6 18. b4 Kd8 19. b5 Nb8 20. Ne3 Be6 21.
a5 Rhe8 22. c4 c5 23. bxc6 Nxc6 24. d5 Ne5 25. dxe6 Nxd3 26. Nf5 Rc7 27. Rad1
Nc5 28. Rxd6+ Kc8 29. e7 g6 30. e5 gxf5 31. exf6 Ne4 32. f7 Nxd6 33. f8=Q Rcxe7
34. Qh6 Nxc4 35. Qf4 Rc7 36. Rc1 Nd6 37. Rd1 Nc4 38. Qxf5+ Kb8 39. Qf4 Kc8 40.
Rc1 Nd6 41. Qg4+ Kb8 42. Rxc7 Kxc7 43. Qg7+ Kc6 44. Qxh7 Re5 45. Qc2+ Rc5 46.
Qa4+ Kc7 47. Qa3 b6 48. axb6+ axb6 49. h4 Kc6 50. Qf3+ 1-0

[Event "39th Olympiad Khanty-Mansiysk 2010"]
[Site "Khanty-Mansiysk/Russia"]
[Date "2010.09.22"]
[Round "1"]
[White "Vachier-Lagrave, Maxime"]
[Black "Beliavsky, Alexander G"]
[Result "1/2-1/2"]
[WhiteElo "2721"]
[BlackElo "2632"]
[PlyCount "121"]
[EventDate "2010.??.??"]
[WhiteTeam "France"]
[BlackTeam "Slovenia"]
[WhiteTeamCountry "FRA"]
[BlackTeamCountry "SLO"]
[TimeControl "40/5400+30:1800+30"]

1. e4 e5 2. Nf3 Nc6 3. Bb5 a6 4. Ba4 Nf6 5. O-O Be7 6. Re1 b5 7. Bb3 O-O 8. c3
d6 9. h3 Nb8 10. d4 Nbd7 11. Nbd2 Bb7 12. Bc2 Re8 13. Nf1 Bf8 14. Bg5 h6 15.
Bh4 Be7 16. Bg3 Bf8 17. dxe5 Nxe5 18. Nxe5 dxe5 19. Qf3 Nh7 20. Ne3 Ng5 21. Qg4
Bc8 22. Qe2 c6 23. a4 Rb8 24. axb5 axb5 25. Red1 Qc7 26. Ng4 f6 27. Bb3+ Be6
28. Bxe6+ Nxe6 29. Qf3 Rbd8 30. Bh4 Rxd1+ 31. Rxd1 h5 32. Ne3 Qf7 33. g4 hxg4
34. Qxg4 Kh7 35. Kh2 g6 36. Qf3 Bg7 37. Ng4 Nf4 38. Bg3 Qc7 39. Bxf4 exf4 40.
Kg1 Re6 41. Qd3 Qe7 42. f3 b4 43. Kg2 bxc3 44. bxc3 Qc5 45. Qd2 f5 46. Nf2 Qe3
47. c4 Re8 48. Qc2 fxe4 49. Nxe4 Rb8 50. Rd7 Kh6 51. Nf2 Qe6 52. Qd2 Qxc4 53.
Ng4+ Kh7 54. Nf6+ Kh6 55. Ng4+ Kh7 56. Nf6+ Kh6 57. Rd4 Qb5 58. Qxf4+ Qg5+ 59.
Ng4+ Kh5 60. Qxg5+ Kxg5 61. Rc4 1/2-1/2

[Event "39th Olympiad Khanty-Mansiysk 2010"]
[Site "Khanty-Mansiysk/Russia"]
[Date "2010.09.22"]
[Round "1"]
[White "Dominguez Perez, Leinier"]
[Black "Amanov, Mesgen"]
[Result "1-0"]
[WhiteElo "2716"]
[BlackElo "2493"]
[PlyCount "141"]
[EventDate "2010.??.??"]
[WhiteTeam "Cuba"]
[BlackTeam "Turkmenistan"]
[WhiteTeamCountry "CUB"]
[BlackTeamCountry "TKM"]
[TimeControl "40/5400+30:1800+30"]

1. e4 c5 2. Nf3 d6 3. d4 cxd4 4. Nxd4 Nf6 5. Nc3 a6 6. Be3 e6 7. f3 b5 8. Qd2
Nbd7 9. g4 h6 10. O-O-O Bb7 11. h4 b4 12. Na4 Qa5 13. b3 Nc5 14. a3 Nxa4 15.
axb4 Qc7 16. bxa4 d5 17. e5 Nd7 18. f4 Nb6 19. Rh3 Nxa4 20. Bf2 Rc8 21. Be1 Nb6
22. f5 Nc4 23. Bxc4 Qxc4 24. fxe6 fxe6 25. Qd3 Qxd3 26. Rdxd3 Kd7 27. Rhf3 Be7
28. Rf7 Rcf8 29. Rdf3 Rhg8 30. g5 hxg5 31. hxg5 g6 32. Bd2 Bc8 33. b5 Rxf7 34.
Rxf7 Ke8 35. Rh7 axb5 36. Nxb5 Bd7 37. Nd6+ Bxd6 38. exd6 Kd8 39. Bc3 Kc8 40.
Be5 Rf8 41. Bf6 e5 42. Rg7 e4 43. Kd2 Re8 44. Ke3 Re6 45. c3 Rxd6 46. Rxg6 Kb7
47. Rg8 Re6 48. Bd4 Be8 49. Kf4 Bg6 50. Rg7+ Kc6 51. Ra7 Kd6 52. Be5+ Kc6 53.
Bd4 Kd6 54. Ra5 Kc6 55. Ra1 Kb5 56. Ra8 Kc6 57. Rd8 Re7 58. Rc8+ Kd7 59. Ra8
Re6 60. Ke3 Kc6 61. Bf6 Re8 62. Ra6+ Kd7 63. Ra7+ Ke6 64. Kf4 Kd6 65. Be5+ Kc5
66. Bd4+ Kc4 67. Ke3 Rf8 68. Rb7 Rf3+ 69. Kd2 e3+ 70. Ke2 Rf2+ 71. Kxe3 1-0

[Event "39th Olympiad Khanty-Mansiysk 2010"]
[Site "Khanty-Mansiysk/Russia"]
[Date "2010.09.22"]
[Round "1"]
[White "Jobava, Baadur"]
[Black "Zhang, Zhong"]
[Result "1-0"]
[WhiteElo "2710"]
[BlackElo "2582"]
[PlyCount "57"]
[EventDate "2010.??.??"]
[WhiteTeam "Georgia"]
[BlackTeam "Singapore"]
[WhiteTeamCountry "GEO"]
[BlackTeamCountry "SIN"]
[TimeControl "40/5400+30:1800+30"]

1. d4 d5 2. c4 c6 3. Nc3 Nf6 4. cxd5 cxd5 5. Nf3 Nc6 6. Bf4 a6 7. Ne5 Bd7 8. e3
e6 9. Bd3 Be7 10. O-O O-O 11. Qf3 Nxe5 12. dxe5 Ne8 13. Rad1 Bc6 14. Bb1 Qb6
15. Rd2 Nc7 16. Rfd1 a5 17. Qh3 g6 18. Qg3 Na6 19. h4 Nc5 20. h5 Kg7 21. e4
dxe4 22. Bg5 f6 23. exf6+ Bxf6 24. Be3 Rad8 25. Rxd8 Rxd8 26. Rxd8 Qxd8 27.
Bxc5 b5 28. hxg6 hxg6 29. Bd6 1-0

[Event "39th Olympiad Khanty-Mansiysk 2010"]
[Site "Khanty-Mansiysk/Russia"]
[Date "2010.09.22"]
[Round "1"]
[White "Kamsky, Gata"]
[Black "Battulga, Namkhai"]
[Result "1-0"]
[WhiteElo "2705"]
[BlackElo "2421"]
[PlyCount "67"]
[EventDate "2010.??.??"]
[WhiteTeam "United States"]
[BlackTeam "Mongolia"]
[WhiteTeamCountry "USA"]
[BlackTeamCountry "MGL"]
[TimeControl "40/5400+30:1800+30"]

1. e4 c5 2. Nf3 d6 3. d4 cxd4 4. Nxd4 Nf6 5. Nc3 a6 6. a4 e6 7. Be2 Be7 8. f4
Qc7 9. Be3 b6 10. Bf3 Bb7 11. f5 e5 12. Nde2 h5 13. O-O Nbd7 14. Ng3 Nc5 15.
Nxh5 Nxh5 16. Bxh5 Nxe4 17. Nd5 Qc6 18. c4 Nf6 19. Bf3 e4 20. Nxe7 Kxe7 21. Be2
Nd7 22. a5 bxa5 23. Rxa5 Nc5 24. Qe1 Kf8 25. Qg3 Nd3 26. Rd5 Qxc4 27. Rxd6 Rc8
28. f6 g6 29. Bg4 Re8 30. Bd7 Ra8 31. Be6 Qb5 32. Rd7 Ne5 33. Rxf7+ Nxf7 34.
Qxg6 1-0

[Event "39th Olympiad Khanty-Mansiysk 2010"]
[Site "Khanty-Mansiysk/Russia"]
[Date "2010.09.22"]
[Round "1"]
[White "Tomashevsky, Evgeny"]
[Black "Soto, Paez Oliver"]
[Result "1-0"]
[WhiteElo "2701"]
[BlackElo "2373"]
[PlyCount "97"]
[EventDate "2010.??.??"]
[WhiteTeam "RU2"]
[BlackTeam "Venezuela"]
[BlackTeamCountry "VEN"]
[TimeControl "40/5400+30:1800+30"]

1. d4 Nf6 2. c4 g6 3. Nc3 Bg7 4. e4 d6 5. f3 O-O 6. Be3 c6 7. Bd3 Nbd7 8. Nge2
a6 9. a4 a5 10. Qd2 e5 11. d5 cxd5 12. cxd5 Nc5 13. Bc4 Bd7 14. Bxc5 dxc5 15.
d6 Bc6 16. Nb5 Qd7 17. Nec3 Rfd8 18. O-O Bxb5 19. Nxb5 Ne8 20. Rad1 Ra6 21. f4
Nxd6 22. fxe5 Bxe5 23. Rxf7 Qxf7 24. Bxf7+ Nxf7 25. Qc2 Rxd1+ 26. Qxd1 Bxb2 27.
Qc2 Be5 28. Qxc5 Rc6 29. Qd5 Rc1+ 30. Kf2 Ra1 31. Qb3 Rc1 32. g3 Kg7 33. Kg2
Re1 34. Qd3 Ra1 35. Qc2 h5 36. Nc3 Bd4 37. Ne2 Be5 38. Nf4 h4 39. Nd3 Bd4 40.
Qc4 Rg1+ 41. Kh3 Ba1 42. Kxh4 Rg2 43. Kh3 Re2 44. Nc5 Re3 45. Qc1 Ng5+ 46. Kg4
Bd4 47. Kxg5 Rc3 48. Ne6+ Kf7 49. Nd8+ 1-0

[Event "39th Olympiad Khanty-Mansiysk 2010"]
[Site "Khanty-Mansiysk/Russia"]
[Date "2010.09.22"]
[Round "1"]
[White "Caruana, Fabiano"]
[Black "Kazhgaleyev, Murtas"]
[Result "1/2-1/2"]
[WhiteElo "2700"]
[BlackElo "2620"]
[PlyCount "46"]
[EventDate "2010.??.??"]
[WhiteTeam "Italy"]
[BlackTeam "Kazakhstan"]
[WhiteTeamCountry "ITA"]
[BlackTeamCountry "KAZ"]
[TimeControl "40/5400+30:1800+30"]

1. e4 e6 2. d4 d5 3. Nc3 Nf6 4. e5 Nfd7 5. f4 c5 6. Nf3 Nc6 7. Be3 Be7 8. Be2
O-O 9. O-O b6 10. Qd2 f6 11. exf6 Nxf6 12. Kh1 Bb7 13. Rae1 Kh8 14. Bb5 a6 15.
Bxc6 Bxc6 16. Ng5 Qd7 17. a3 Rad8 18. Rd1 Bd6 19. Qe2 Rde8 20. Rde1 Qc7 21. Qf2
h6 22. Qh4 Kg8 23. Nf3 Bb7 1/2-1/2

[Event "39th Olympiad Khanty-Mansiysk 2010"]
[Site "Khanty-Mansiysk/Russia"]
[Date "2010.09.22"]
[Round "1"]
[White "Laznicka, Viktor"]
[Black "Moradiabadi, Elshan"]
[Result "1-0"]
[WhiteElo "2690"]
[BlackElo "2578"]
[PlyCount "143"]
[EventDate "2010.??.??"]
[WhiteTeam "Czech Republic"]
[BlackTeam "Iran"]
[WhiteTeamCountry "CZE"]
[BlackTeamCountry "IRI"]
[TimeControl "40/5400+30:1800+30"]

1. d4 Nf6 2. c4 e6 3. g3 d5 4. Nf3 dxc4 5. Bg2 a6 6. O-O Nc6 7. Nc3 Rb8 8. e4
Be7 9. Qe2 b5 10. Rd1 O-O 11. d5 exd5 12. e5 d4 13. exf6 Bxf6 14. Qe4 Bb7 15.
Nd5 Nb4 16. Nxf6+ Qxf6 17. Qf4 c5 18. Qxf6 gxf6 19. Bf4 Rbd8 20. Bc7 Rc8 21.
Bd6 Rfd8 22. Be7 Re8 23. Bxf6 Be4 24. g4 h6 25. h4 Nd5 26. g5 Nxf6 27. gxf6
Rcd8 28. Re1 c3 29. bxc3 dxc3 30. Ne5 Rxe5 31. Bxe4 Re6 32. f3 Rd2 33. Rad1 c4
34. Kf1 Kf8 35. a3 a5 36. Rb1 Rb2 37. Rbd1 Rxf6 38. Rd8+ Kg7 39. Rd5 Rf4 40.
Rc1 Rxh4 41. Kg1 Rhh2 42. Rxc3 Rhg2+ 43. Kh1 Rh2+ 44. Kg1 Rhg2+ 45. Kh1 Rge2
46. Rc1 Rh2+ 47. Kg1 Rbg2+ 48. Kf1 Rb2 49. Kg1 Rbg2+ 50. Kf1 Ra2 51. Kg1 Rhg2+
52. Kh1 Rh2+ 53. Kg1 Rhb2 54. Rf5 Rxa3 55. Bd5 Raa2 56. Rxf7+ Kg6 57. f4 Rd2
58. f5+ Kg5 59. Bc6 b4 60. Rf1 Ra3 61. Rg7+ Kf6 62. Rg6+ Kf7 63. Be8+ Kf8 64.
f6 Rdd3 65. Rxh6 Rh3 66. Rxh3 Rxh3 67. Kg2 Re3 68. Bg6 Re6 69. Kg3 a4 70. Kg4
a3 71. Kf5 Re2 72. Rh1 1-0

[Event "39th Olympiad Khanty-Mansiysk 2010"]
[Site "Khanty-Mansiysk/Russia"]
[Date "2010.09.22"]
[Round "1"]
[White "Efimenko, Zahar"]
[Black "Shaw, John"]
[Result "1-0"]
[WhiteElo "2683"]
[BlackElo "2446"]
[PlyCount "97"]
[EventDate "2010.??.??"]
[WhiteTeam "Ukraine"]
[BlackTeam "Scotland"]
[WhiteTeamCountry "UKR"]
[BlackTeamCountry "SCO"]
[TimeControl "40/5400+30:1800+30"]

1. d4 d5 2. c4 c6 3. Nf3 Nf6 4. e3 Bg4 5. h3 Bh5 6. Qb3 Qb6 7. Nc3 e6 8. Ne5
Nfd7 9. Nd3 Bg6 10. Qd1 h6 11. Nf4 Bh7 12. Nh5 Bg6 13. Be2 Bxh5 14. Bxh5 Nf6
15. Be2 Nbd7 16. O-O Be7 17. c5 Qc7 18. b4 a6 19. Qc2 O-O 20. Bd2 e5 21. f4 e4
22. a4 Nh7 23. b5 axb5 24. axb5 Rfb8 25. Na2 Nhf8 26. Nb4 Qc8 27. bxc6 bxc6 28.
Ra6 Rxa6 29. Bxa6 Qc7 30. Qa4 Ra8 31. Qxc6 Qxc6 32. Nxc6 Bxc5 33. dxc5 Rxa6 34.
Ne7+ Kh7 35. c6 Nb6 36. c7 Ra8 37. Rc1 Nc8 38. Nxd5 Nd7 39. Bb4 Kg6 40. Ne7+
Nxe7 41. Bxe7 Rc8 42. Bd6 Nf6 43. Rb1 Ne8 44. Be5 f6 45. Rb8 Rxc7 46. Bxc7 Nxc7
47. g4 Nd5 48. Kf2 f5 49. Rb5 1-0

[Event "39th Olympiad Khanty-Mansiysk 2010"]
[Site "Khanty-Mansiysk/Russia"]
[Date "2010.09.22"]
[Round "1"]
[White "Berkes, Ferenc"]
[Black "Lafuente, Pablo"]
[Result "1/2-1/2"]
[WhiteElo "2678"]
[BlackElo "2565"]
[PlyCount "35"]
[EventDate "2010.??.??"]
[WhiteTeam "Hungary"]
[BlackTeam "Argentina"]
[WhiteTeamCountry "HUN"]
[BlackTeamCountry "ARG"]
[TimeControl "40/5400+30:1800+30"]

1. c4 Nf6 2. Nc3 e5 3. g3 Bb4 4. e4 Bxc3 5. dxc3 O-O 6. f3 d6 7. Nh3 h6 8. Nf2
Nbd7 9. Be3 Qe7 10. g4 Nc5 11. h4 Nfd7 12. Rh2 Ne6 13. Qd2 Re8 14. O-O-O Ndf8
15. Nh1 Ng6 16. Ng3 Nxh4 17. Qf2 Ng6 18. Nf5 1/2-1/2

[Event "39th Olympiad Khanty-Mansiysk 2010"]
[Site "Khanty-Mansiysk/Russia"]
[Date "2010.09.22"]
[Round "1"]
[White "Sargissian, Gabriel"]
[Black "Xie, George Wendi"]
[Result "1-0"]
[WhiteElo "2677"]
[BlackElo "2478"]
[PlyCount "85"]
[EventDate "2010.??.??"]
[WhiteTeam "Armenia"]
[BlackTeam "Australia"]
[WhiteTeamCountry "ARM"]
[BlackTeamCountry "AUS"]
[TimeControl "40/5400+30:1800+30"]

1. d4 d5 2. c4 c6 3. Nc3 Nf6 4. Nf3 g6 5. cxd5 cxd5 6. Bf4 Bg7 7. e3 O-O 8. h3
Nc6 9. Bd3 Qb6 10. a3 Na5 11. b4 Nc4 12. Qb3 a5 13. O-O Bd7 14. Be5 e6 15. Bxc4
dxc4 16. Qxc4 Rfc8 17. Qb3 Bc6 18. Nd2 a4 19. Qb2 Qd8 20. Rac1 Bf8 21. Rfd1 b6
22. Rc2 Nd7 23. Bg3 Bg7 24. Nde4 h5 25. Nd6 h4 26. Bh2 Qg5 27. f4 Qh5 28. Nxc8
Rxc8 29. Rdc1 Ra8 30. Nd1 Bd5 31. Rc8+ Kh7 32. R8c7 Nf6 33. Nc3 Rf8 34. Qe2 Qf5
35. Qf2 Kg8 36. Qxh4 Ba8 37. Qf2 Ne8 38. Rc8 Bb7 39. Rb8 Nd6 40. Rxb7 Nxb7 41.
e4 Qf6 42. e5 Qf5 43. Qf3 1-0